 Dungeon Crawl Stone Soup version 0.26-a0-540-g8a0c9464d7 (webtiles) character file.

Game seed: 695339417655953118

39 vurker the Covert (level 3, -1/35 HPs)
             Began as a Gnoll Delver on Aug 22, 2020.
             Slain by a worker ant (3 damage)
             ... on level 5 of the Dungeon.
             The game lasted 00:00:25 (123 turns).

vurker the Covert (Gnoll Delver)                     Turns: 123, Time: 00:00:26

Health: -1/35      AC:  3    Str: 14    XL:     3   Next: 45%
Magic:  2/4        EV: 14    Int: 13    God:
Gold:   0          SH:  0    Dex: 16    Spells: 3/3 levels left

rFire    . . .     SeeInvis .   a - +0 mace
rCold    . . .     Faith    .   (no shield)
rNeg     . . .     Spirit   .   b - +0 leather armour
rPois    .         Reflect  .   (no helmet)
rElec    .         Harm     .   (no cloak)
rCorr    .                      (no gloves)
MR       .....                  (no boots)
Stlth    ++++......             (no amulet)
HPRegen  0.11/turn              (no ring)
MPRegen  0.09/turn              (no ring)

@: lethally poisoned (-1 -> -9)
A: distributed training, fangs 1, strong nose
a: no special abilities


You were on level 5 of the Dungeon.
You visited 1 branch of the dungeon, and saw 1 of its levels.

Inventory:

Hand Weapons
 a - a +0 mace (weapon)
Armour
 b - a +0 leather armour (worn)
Wands
 v - a wand of digging (3)
Scrolls
 c - a scroll of fog
 d - a scroll of magic mapping
 e - a scroll of fear
Potions
 f - a potion of haste


   Skills:
 + Level 6.5 Fighting
 + Level 0.8 Short Blades
 + Level 0.8 Long Blades
 + Level 0.8 Axes
 + Level 4.5 Maces & Flails
 + Level 0.8 Polearms
 + Level 0.8 Staves
 + Level 0.8 Slings
 + Level 0.8 Bows
 + Level 0.8 Crossbows
 + Level 0.8 Throwing
 + Level 0.8 Armour
 + Level 4.5 Dodging
 + Level 9.5 Stealth
 + Level 0.8 Shields
 + Level 0.8 Unarmed Combat
 + Level 0.8 Spellcasting
 + Level 0.5 Conjurations
 + Level 0.5 Hexes
 + Level 0.5 Summonings
 + Level 0.5 Necromancy
 + Level 0.5 Translocations
 + Level 0.5 Transmutations
 + Level 0.5 Fire Magic
 + Level 0.5 Ice Magic
 + Level 0.5 Air Magic
 + Level 0.5 Earth Magic
 + Level 0.5 Poison Magic
 + Level 1.0 Invocations
 + Level 0.8 Evocations


You had 3 spell levels left.
You didn't know any spells.
Your spell library was empty.

Dungeon Overview and Level Annotations

Branches:
Dungeon (5/15)
 Temple: D:4-7

Altars:

Annotations:
D:5 Grinder


Innate Abilities, Weirdness & Mutations

Your experience applies equally to all skills.
You have very sharp teeth.
Your uncanny sense of smell can sniff out nearby items.


Message History

You hit the howler monkey skeleton. The howler monkey skeleton hits you.
You hit the howler monkey skeleton.
The howler monkey skeleton hits you but does no damage.
You hit the howler monkey skeleton.
You destroy the howler monkey skeleton!
You have reached level 2!
You see here 20 bolts.
A hound comes into view.
The hound barks!
A hound is nearby!
A worker ant comes into view.
You closely miss the hound. You bite the hound. The hound bites you.
You hit the hound but do no damage. The hound bites you. x2
The hound closely misses you.
You closely miss the hound. You bite the hound. The hound closely misses you.
The hound bites you.
You barely miss the hound. The hound bites you. The hound barely misses you.
You barely miss the hound. Your bite misses the hound.
The hound barely misses you. The hound bites you.
* * * LOW HITPOINT WARNING * * *
You hit the hound. The hound misses you.
You hit the hound. The hound misses you. The hound closely misses you.
You hit the hound but do no damage. The hound bites you.
* * * LOW HITPOINT WARNING * * *
The hound misses you.
Your leather armour prevents you from hitting the hound.
The hound barely misses you. x2
You hit the hound but do no damage. The hound barely misses you.
You sock the hound!
You kill the hound!
Your Invocations skill increases to level 1!
You have reached level 3!
Your experience leads to an increase in your attributes!
Increase (S)trength, (I)ntelligence, or (D)exterity?
You feel clever.
You hit the worker ant but do no damage.
You bite the worker ant. The worker ant misses you.
The worker ant bites you but does no damage.
You hit the worker ant. The worker ant bites you.
* * * LOW HITPOINT WARNING * * *
You hit the worker ant. Your bite misses the worker ant.
The worker ant bites you.
* * * LOW HITPOINT WARNING * * *
You are lethally poisoned!
The worker ant poisons you! The worker ant barely misses you.
Unknown command.
You hit the worker ant. Your bite misses the worker ant.
* * * LOW HITPOINT WARNING * * *
You feel sick. The worker ant bites you.
You die...

#.# #5#. #.# .... ... #.
#.# ..... #.####.# #.##.
#......### #.##.
..........# #.##.
#########a# #.##. #@#
#.##. #(############.##.
...####...............>.
#......############.###
######.# #.... #.# #####
#.# #.# #.#


You could see a worker ant.

Vanquished Creatures
  A hound (D:5)
  A howler monkey skeleton (D:5)
2 creatures vanquished.

Notes
Turn   | Place    | Note
-------+----------+-------------------------------------------
     0 | D:5      | Reached skill level 9 in Stealth
     0 | D:5      | vurker the Gnoll Delver began the quest for the Orb.
     0 | D:5      | Reached XP level 1. HP: 23/23 MP: 1/1
    19 | D:5      | Noticed Grinder
    55 | D:5      | Reached XP level 2. HP: 25/29 MP: 2/2
   119 | D:5      | Reached skill level 1 in Invocations
   119 | D:5      | Reached XP level 3. HP: 12/35 MP: 2/4
   123 | D:5      | Slain by a worker ant

Illustrated notes

Levels and vault maps discovered:
D:5:      layout_loops_ring, old_standard_altar,
          minmay_temple_entry_butterflies, ebering_ghost_disaster_area,
          sigmund_edmund_badplayer, uniq_grinder

Skill      XL: |  1  2 |
---------------+-------+-----
Stealth        | |  9.5
Invocations    | 1 |  1.0
Fighting       | |  6.5
Short Blades   | |  0.8
Long Blades    | |  0.8
Axes           | |  0.8
Maces & Flails | |  4.5
Polearms       | |  0.8
Staves         | |  0.8
Slings         | |  0.8
Bows           | |  0.8
Crossbows      | |  0.8
Throwing       | |  0.8
Armour         | |  0.8
Dodging        | |  4.5
Shields        | |  0.8
Unarmed Combat | |  0.8
Spellcasting   | |  0.8
Conjurations   | |  0.5
Hexes          | |  0.5
Summonings     | |  0.5
Necromancy     | |  0.5
Translocations | |  0.5
Transmutations | |  0.5
Fire Magic     | |  0.5
Ice Magic      | |  0.5
Air Magic      | |  0.5
Earth Magic    | |  0.5
Poison Magic   | |  0.5
Evocations     | |  0.8

Action                   || total
-------------------------++-------
Melee: Mace              ||    24
       Bite              ||     4
Armor: Leather armour    ||     3
Dodge: Dodged            ||    20

Table legend: (Time is in decaauts)
 A = Elapsed time spent in this place.
 B = Non-inter-level travel time spent in this place.
 C = Inter-level travel time spent in this place.
 D = Time resting spent in this place.
 E = Time spent auto-exploring this place.
 F = Levels seen in this place.
 G = Mean time per level.
                   A        B        C        D        E       F      G
               +--------+--------+--------+--------+--------+-----+--------+
         Total |    127 |    127 |      0 |      0 |     67 |   1 |  127.0 |
       Dungeon |    127 |    127 |      0 |      0 |     67 |   1 |  127.0 |
               +--------+--------+--------+--------+--------+-----+--------+

Top non-repeatable levels by time:
     D:5: 127 daAuts
